 Dungeon Crawl Stone Soup version 0.31-a0-1074-g0b22e4e0f1 (webtiles) character file.

Game seed: 9325326783743410327

184025 Lobster4 the Scorcher (level 18, -10/145 (157) HPs)
             Began as a Hill Orc Fire Elementalist on Dec 5, 2023.
             Was the Champion of Nemelex Xobeh.
             Mangled by a pharaoh ant (23 damage)
             ... on level 3 of the Spider Nest.
             The game lasted 03:18:11 (50588 turns).

Lobster4 the Scorcher (Hill Orc Fire Elementalist) Turns: 50588, Time: 03:18:12

HP:   -10/145 (157) AC: 17    Str: 19    XL:     18   Next: 39%
MP:   35/38         EV: 13    Int: 19    God:    Nemelex Xobeh [******]
Gold: 794           SH:  0    Dex: 14    Spells: 14/32 levels left

rFire   + . .        x - +8 frozen axe "Frostbite" {freeze, freezing cloud, *Noise Fly rC+}
rCold   + . .        (shield currently unavailable)
rNeg    . . .        N - +1 leather armour of Apathy {rF+ Regen+ Str+4}
rPois   .            y - +1 helmet "Jipnonk" {rElec Dex+3}
rElec   +            H - +2 cloak
rCorr   .            s - +2 pair of gloves
SInv    .            i - +1 pair of boots
Will    ++...        n - amulet of regeneration
Stlth   ++           g - +4 ring of slaying
HPRegen 2.04/turn    l - ring of magical power
MPRegen 0.26/turn

%: no passive effects
@: lethally poisoned (-10 -> -11), flying, drained
A: deterioration 1, strong-willed 1
a: Renounce Religion, Draw Escape, Draw Destruction, Draw Summoning, Draw Stack,
Triple Draw, Deal Four, Stack Five


You were on level 3 of the Spider Nest.
You worshipped Nemelex Xobeh.
Nemelex Xobeh was exalted by your worship.
You visited 5 branches of the dungeon, and saw 27 of its levels.
You visited 1 bazaar.
You also visited: Ice Cave and Volcano.

You collected 2792 gold pieces.
You spent 1998 gold pieces at shops.

Inventory:

Hand Weapons
 a - a +3 war axe of electrocution
 k - a +2 broad axe of freezing
 r - a +0 sling
 x - the +8 frozen axe "Frostbite" (weapon) {freeze, freezing cloud, *Noise Fly rC+}
   (You found it in an ice cave)

   rC+:       It protects you from cold.
   Fly:       It grants you flight.
   *Noise:    It may make a loud noise when swung.
 C - the +5 mace of Ecwig {venom, rCorr Str-2 Dex+5 Stlth+}
   (You found it on level 4 of the Lair of Beasts)

   Str-2:     It affects your strength (-2).
   Dex+5:     It affects your dexterity (+5).
   rCorr:     It protects you from acid and corrosion.
   Stlth+:    It makes you more stealthy.
Missiles
 p - 37 poisoned darts
 t - 6 atropa-tipped darts
 O - 7 curare-tipped darts
Armour
 i - a +1 pair of boots (worn)
 s - a +2 pair of gloves (worn)
 y - the +1 helmet "Jipnonk" (worn) {rElec Dex+3}
   (You bought it in a shop on level 15 of the Dungeon)

   Dex+3:     It affects your dexterity (+3).
   rElec:     It insulates you from electricity.
 E - a scarf of resistance
 H - a +2 cloak (worn)
 N - the +1 leather armour of Apathy (worn) {rF+ Regen+ Str+4}
   (You bought it in a shop on level 2 of the Orcish Mines)

   Str+4:     It affects your strength (+4).
   rF+:       It protects you from fire.
   Regen+:    It increases your rate of health regeneration.
 P - a +0 buckler
Magical Staves
 b - a staff of poison
Jewellery
 g - a +4 ring of slaying (left hand)
 l - a ring of magical power (right hand)
 n - an amulet of regeneration (around neck)
 q - a ring of fire
 u - a ring of protection from fire
 v - a ring of see invisible
 Q - an amulet of reflection
Wands
 c - a wand of charming (27)
 m - a wand of digging (4)
 J - a wand of polymorph (2)
 U - a wand of roots (7)
 Y - a wand of flame (6)
Scrolls
 I - 5 scrolls of enchant weapon
 L - 3 scrolls of immolation
 R - 4 scrolls of amnesia
 W - 2 scrolls of revelation
 X - 2 scrolls of fog
 Z - 3 scrolls of identify
Potions
 d - 3 potions of resistance
 e - a potion of lignification
 f - a potion of mutation
 j - a potion of heal wounds
 o - 2 potions of cancellation
 z - 3 potions of might
 A - 3 potions of curing
 D - 11 potions of ambrosia
 F - 3 potions of magic
 G - 2 potions of berserk rage
 M - a potion of invisibility
 S - 3 potions of brilliance
 V - 6 potions of haste
Miscellaneous
 T - a phantom mirror


   Skills:
 - Level 13.0 Fighting
 + Level 15.0 Axes
 - Level 3.0 Staves
 - Level 1.0 Throwing
 - Level 10.0 Armour
 - Level 5.0 Dodging
 - Level 1.5 Stealth
 - Level 6.0 Shields
 + Level 7.6 Spellcasting
 - Level 10.0 Conjurations
 - Level 2.0 Hexes
 - Level 2.0 Translocations
 * Level 20.0 Fire Magic
 - Level 4.0 Ice Magic
 - Level 15.0 Invocations
 - Level 4.0 Evocations


You had 14 spell levels left.
You knew the following spells:

 Your Spells              Type           Power      Damage    Failure   Level
a - Foxfire               Conj/Fire      100%       2x1d9     1%          1
b - Scorch                Fire           100%       2d9       0%          2
c - Sticky Flame          Conj/Fire      59%        2d7       1%          4
d - Flame Wave            Conj/Fire      59%        2d14      1%          4
e - Volatile Blastmotes   Fire/Tloc      98%        2d18      1%          3
f - Freeze                Ice            88%        1d9       2%          1
i - Inner Flame           Hex/Fire       49%        N/A       1%          3

Your spell library contained the following spells:

 Spells                   Type           Power      Damage    Failure   Level
 Magic Dart               Conj           100%       1d8       1%          1
 Momentum Strike          Conj/Tloc      60%        3d9       1%          2
 Hailstorm                Conj/Ice       33%        3d8       1%          3
 Ignite Poison            Fire/Tmut/Pois 32%        N/A       1%          3
 Ensorcelled Hibernation  Hex/Ice        36%        N/A       4%          2
 Iskenderun's Battlesphe  Conj           45%        2d10      4%          5
 Frozen Ramparts          Ice            44%        1d7       6%          3
 Blink                    Tloc           28%        N/A       8%          2
 Jinxbite                 Hex            28%        N/A       8%          2
 Lesser Beckoning         Tloc           28%        N/A       8%          2
 Mephitic Cloud           Conj/Pois/Air  19%        N/A       9%          3
 Sandblast                Erth           14%        2d6       11%         1
 Gell's Gravitas          Tloc           14%        N/A       14%         3
 Teleport Other           Tloc           14%        N/A       14%         3
 Brom's Barrelling Bould  Conj/Erth      26%        2d5       14%         4
 Call Imp                 Summ           14%        N/A       17%         2
 Cigotuvi's Dreadful Rot  Necr/Pois/Air  14%        N/A       17%         2
 Freezing Cloud           Conj/Ice/Air   12%        6-21      41%         5
 Cause Fear               Hex            7%         N/A       43%         4
 Anguish                  Hex/Necr       5%         N/A       58%         4
 Metabolic Englaciation   Hex/Ice        9%         N/A       65%         5
 Conjure Ball Lightning   Conj/Air       13%        3x3d6     91%         6
 Lee's Rapid Deconstruct  Erth           3%         3d5*      97%         5
 Eringya's Noxious Bog    Tmut/Pois      3%         4d6       100%        6
 Enfeeble                 Hex            7%         N/A       100%        7
 Chain Lightning          Conj/Air       13%        3d17      100%        9
 Fire Storm               Conj/Fire      29%        8d8       100%        9
 Polar Vortex             Ice            11%        12d1*     100%        9
 Shatter                  Erth           3%         3d7*      100%        9


Dungeon Overview and Level Annotations

Branches:
Dungeon (15/15)            Temple (1/1) D:4            Lair (5/5) D:10
  Swamp (0/4) Lair:3       Spider (4/4) Lair:3        Slime (0/5) Lair:5
    Orc (2/2) D:12            Elf (0/3) Orc:2        Vaults (0/5) D:14
 Depths (0/4) D:15          IceCv (visited)         Volcano (visited)

Altars:
Ashenzari
Cheibriados
Dithmenos
Elyvilon
Fedhas
Gozag
Hepliaklqana
Kikubaaqudgha
Makhleb
Nemelex Xobeh
Okawaru
Qazlal
Ru
Sif Muna
Trog
Uskayaw
Vehumet
Wu Jian
Xom
Yredelemnul
Zin
The Shining One
Beogh
Jiyva

Shops:
D:11 :!*(   D:15 [   Orc:1 (   Orc:2 ?**=[!

Annotations:
D:8 3 runed translucent doors
Lair:3 3 runed translucent doors, wally255's ghost, journeyman MiFi
Lair:4 2 transporters, Godezusi's ghost, journeyman DsFi
Spider:1 3 runed translucent doors, Zonian's ghost, adept DEIE


Innate Abilities, Weirdness & Mutations

Your body sometimes deteriorates upon taking damage.
You are strong-willed. (Will+)


Message History

Casting: Foxfire (safe; 1% risk of failure)
Confirm with . or Enter, or press ? or * to list all spells.
Aiming: Sticky Flame (safe; 1% risk of failure)
Press: ? - help, Shift-Dir - straight line, f - meliai
Aim: a meliai, wielding a +0 hand axe, wearing a +0 robe and wearing an orb of wrath (berserk)
The sticky flame hits the meliai!
The meliai is moderately wounded.
The meliai is covered in liquid flames!
You feel very sick.
The meliai burns!
The meliai hits you with a +0 hand axe!
The meliai stings you but does no damage.
The meliai hits you with a +0 hand axe!
* * * LOW HITPOINT WARNING * * *
The meliai stings you but does no damage.
The pharaoh ant bites you.
* * * LOW HITPOINT WARNING * * *
The meliai closely misses you. x2
You draw a card...
You have drawn Vitriol.
Press: ? - help, Shift-Dir - straight line, f/p - meliai
Aim: a meliai, wielding a +0 hand axe, wearing a +0 robe and wearing an orb of wrath (moderately wounded, berserk, covered in liquid flames)
The bolt of acid hits the meliai!!!
The acid corrodes the meliai!
You kill the meliai!
You feel very sick. The pharaoh ant bites you!
* * * LOW HITPOINT WARNING * * *
The pharaoh ant bites you.
* * * LOW HITPOINT WARNING * * *
You feel your dexterity returning.
You draw a card...
You have drawn the Cloud.
Clouds appear around you!
You feel very sick. The pharaoh ant completely misses you.
You draw a card...
You have drawn the Orb.
Press: ? - help, Shift-Dir - straight line, f - pharaoh ant
Aim: a pharaoh ant (black smoke)
You feel very sick. The pharaoh ant bites you!!
You die...
Your body glows slightly and disappears.

###^....^.#......^#........#.
#....#.......#.......#..#....
###^##...^..†.†......^#.......
#.......^.#.#.................
#..#...#..........#.#...#....#
##..##...#....###..^..#.......
##...........*#§§.##......#†#..
#.#...^......§B*§....#....^....
##.†..#......*@§*....#.^#.##...
#...†..#.....*.#....^........#
#..#...>.##...................
##.##..#.^...#...#.........#..
####...^..#.........##....#..
##...#................#...
##..#..>...)...#...#.....
#..#.................^..
########################


You could see a pharaoh ant (ally target).

Vanquished Creatures
  Arachne (Spider:2)
  Frances (D:12)
  2 frost giants (IceCv)
  4 emperor scorpions
  3 ghost moths
  An ironbound thunderhulk (D:14)
  A white draconian (IceCv)
  A spark wasp (Spider:2)
  4 entropy weavers
  A fire dragon (D:15)
  Josephine (D:15)
  A rakshasa (D:14)
  An ice dragon (D:15)
  4 hydras
  A jorogumo (Spider:2)
  4 ogre magi
  2 ironbound frosthearts (IceCv)
  A catoblepas (Lair:5)
  A radroach (Spider:2)
  19 two-headed ogres
  4 boulder beetles
  2 centaur warriors (D:15)
  A deep troll shaman (Lair:5)
  4 death yaks (Lair:5)
  A tengu warrior (D:13)
  10 demonic crawlers
  Urug (D:12)
  An orc high priest (Orc:1)
  A hell knight (Volcano)
  Sonja (D:13)
  Amaemon (Lair:3)
  3 sun moths
  A skyshark (shapeshifter) (D:13)
  4 skysharks
  6 pharaoh ants
  6 skeletal warriors
  6 orb spiders
  Pikel (D:7)
  5 steelbarb worms
  6 orc knights
  2 lindwurms
  A swamp dragon (Lair:3)
  20 wolf spiders
  3 deep elf pyromancers
  3 cyclopes
  5 orc sorcerers
  5 manticores
  20 ugly things
  A salamander (Spider:4)
  6 elephants
  3 moths of wrath
  6 black mambas
  3 gargoyles
  7 torpor snails
  12 komodo dragons
  An unseen horror (Spider:4)
  An orange demon (Lair:3)
  18 rime drakes
  20 cane toads
  3 efreet (D:14)
  6 trolls
  A queen bee (Lair:1)
  A wind drake (shapeshifter) (D:14)
  18 polar bears
  8 meliai
  Prince Ribbit (D:9)
  22 tarantellas
  A tarantella (shapeshifter) (D:14)
  A tyrant leech (Spider:4)
  Grinder (D:3)
  13 hornets
  7 blink frogs
  A raiju (shapeshifter) (D:13)
  21 jumping spiders
  7 slime creatures
  2 shadows
  6 wraiths
  61 yaks
  23 culicivoras
  2 humans (D:14)
  6 wyverns
  A human (shapeshifter) (D:14)
  A steam dragon (D:10)
  54 redbacks
  12 vampire mosquitoes
  Menkaure (D:7)
  6 wargs
  5 acid dragons
  17 water moccasins
  An ice beast (D:7)
  38 orc warriors
  5 black bears
  8 ogres
  3 boggarts (D:14)
  2 sky beasts (D:7)
  17 centaurs
  13 wolves
  3 phantoms
  3 lemures (D:7)
  3 kobold brigands
  A gnoll sergeant (D:8)
  13 bullfrogs
  5 scorpions
  7 wights
  28 killer bees
  2 howler monkeys
  3 lava snakes (D:8)
  3 hounds
  15 orc priests
  2 jellies
  3 iguanas
  Terence (D:2)
  Jessica (D:3)
  Natasha (thrice) (D:2)
  23 orc wizards
  2 sleepcaps
  8 adders
  17 gnolls
  A shadow imp (D:7)
  3 white imps
  A dart slug (D:5)
  2 worms (D:2)
  67 orcs
  7 endoplasms
  5 giant cockroaches
  11 goblins
  7 hobgoblins
  4 jackals (D:4)
  15 kobolds
  4 ball pythons
  2 bats
  3 frilled lizards
  5 rats
935 creatures vanquished.

Vanquished Creatures (collateral kills)
  A hydra (D:15)
  A boulder beetle (Spider:2)
  A two-headed ogre (D:15)
  A tengu warrior (D:13)
  A demonic crawler (Spider:2)
  2 pharaoh ants
  2 orb spiders (Spider:2)
  A skeletal warrior (D:13)
  A steelbarb worm (Lair:3)
  An orc knight (D:15)
  3 wolf spiders
  A manticore (D:15)
  A black mamba (Lair:4)
  A cane toad (Lair:4)
  A water nymph (D:13)
  A rime drake (Lair:4)
  A tengu conjurer (D:13)
  A troll (D:15)
  5 tarantellas
  3 blink frogs (Lair:4)
  7 jumping spiders
  3 culicivoras
  A yak (Lair:4)
  5 redbacks
  A water moccasin (Lair:4)
  4 ogres (D:15)
  2 bullfrogs (Lair:4)
  An orc priest (D:15)
  An orc (D:15)
  13 foxfires
68 creatures vanquished.

Vanquished Creatures (others)
  An orb spider (Spider:3)
  A wolf spider (Spider:1)
  A redback (Spider:1)
  2162 foxfires
2165 creatures vanquished.

Grand Total: 3168 creatures vanquished

Notes
Turn   | Place    | Note
-------+----------+-------------------------------------------
     0 | D:1      | Lobster4 the Hill Orc Fire Elementalist began the quest for
                  | the Orb.
     0 | D:1      | Reached XP level 1. HP: 14/14 MP: 3/3
   206 | D:1      | Reached XP level 2. HP: 17/22 MP: 4/4
   847 | D:2      | Reached skill level 1 in Axes
   936 | D:2      | Noticed Natasha
   952 | D:2      | Reached XP level 3. HP: 27/27 MP: 0/5
  1044 | D:2      | Reached skill level 1 in Fighting
  1079 | D:2      | Noticed Terence
  1544 | D:2      | Learned a level 2 spell: Scorch
  1649 | D:2      | Reached skill level 4 in Fire Magic
  1649 | D:2      | Reached XP level 4. HP: 35/35 MP: 1/6
  2506 | D:3      | Reached skill level 1 in Armour
  2645 | D:3      | Noticed Jessica
  2718 | D:3      | Noticed Grinder
  2747 | D:3      | Killed Grinder
  2748 | D:3      | Reached XP level 5. HP: 31/42 MP: 1/8
  2748 | D:3      | Reached XP level 6. HP: 37/50 MP: 1/9
  3788 | D:4      | Noticed a black bear
  3863 | D:4      | Reached skill level 5 in Fire Magic
  3988 | D:4      | Found a staircase to the Ecumenical Temple.
  3998 | Temple   | Entered the Ecumenical Temple
  4026 | Temple   | Became a worshipper of Nemelex Xobeh the Trickster
  4955 | D:2      | Killed Natasha
  4956 | D:2      | Reached XP level 7. HP: 51/57 MP: 3/10
  5104 | D:2      | Noticed Natasha
  5107 | D:2      | Killed Natasha
  5324 | D:2      | Killed Terence
  5858 | D:2      | Noticed Natasha
  5863 | D:2      | Killed Natasha
  5864 | D:2      | Reached skill level 1 in Invocations
  6229 | D:3      | Killed Jessica
  6230 | D:3      | Reached skill level 1 in Evocations
  6377 | D:4      | Found a staircase to the Ecumenical Temple.
  6927 | D:5      | Entered Level 5 of the Dungeon
  6927 | D:5      | Noticed a wyvern
  7107 | D:4      | Learned a level 3 spell: Volatile Blastmotes
  7536 | D:5      | Reached XP level 8. HP: 64/64 MP: 8/12
  7681 | D:5      | Killed a wyvern
  7777 | D:5      | Reached skill level 6 in Fire Magic
  7781 | D:5      | Found a broken altar of Ashenzari.
  7972 | D:5      | Reached skill level 1 in Throwing
  7974 | D:5      | Reached skill level 1 in Translocations
  8993 | D:6      | Reached * piety under Nemelex Xobeh
  9039 | D:6      | Received a gift from Nemelex Xobeh
  9269 | D:6      | Reached XP level 9. HP: 72/72 MP: 7/13
  9518 | D:6      | Reached skill level 5 in Axes
  9518 | D:6      | Reached skill level 7 in Fire Magic
  9755 | D:7      | Reached skill level 5 in Fighting
  9906 | D:7      | Noticed Pikel
  9940 | D:7      | Killed Pikel
  9995 | D:7      | Found a basalt altar of Yredelemnul.
  9995 | D:7      | Found a bloodstained altar of Trog.
  9995 | D:7      | Found a hazy altar of Hepliaklqana.
  9995 | D:7      | Found a blossoming altar of Fedhas.
  9997 | D:7      | Found a shimmering blue altar of Sif Muna.
 10020 | D:7      | Reached skill level 8 in Fire Magic
 10021 | D:7      | Reached skill level 5 in Invocations
 10931 | D:7      | Noticed a hornet
 11005 | D:8      | Reached XP level 10. HP: 76/83 MP: 9/16
 11014 | D:8      | Learned a level 4 spell: Flame Wave
 11160 | D:8      | Reached skill level 5 in Conjurations
 11241 | D:8      | Found a runed translucent gate.
 11241 | D:8      | Reached ** piety under Nemelex Xobeh
 11241 | D:8      | Found a runed translucent gate.
 11241 | D:8      | Found a runed translucent gate.
 11241 | D:8      | Noticed a green ugly thing
 11241 | D:8      | Noticed a cyan ugly thing
 11241 | D:8      | Noticed a purple ugly thing
 11244 | D:8      | Noticed a green ugly thing
 11252 | D:8      | Noticed a glowing orange brain
 11472 | D:8      | Found a runed translucent door.
 11605 | D:8      | Found an opulent altar of Gozag.
 11699 | D:8      | Reached skill level 9 in Fire Magic
 12213 | D:9      | Identified the +0 leather armour of the Arcane {+Inv rF-
                  | Regen+ rCorr}
 12242 | D:9      | Reached skill level 1 in Shields
 12605 | D:9      | Found an iron altar of Okawaru.
 12652 | D:9      | Received a gift from Nemelex Xobeh
 12879 | D:9      | Noticed Prince Ribbit
 12892 | D:9      | Killed Prince Ribbit
 13345 | D:10     | Entered Level 10 of the Dungeon
 14101 | D:10     | Found a staircase to the Lair.
 14229 | D:10     | Reached XP level 11. HP: 88/92 MP: 18/18
 14237 | D:10     | Reached skill level 10 in Fire Magic
 14987 | D:10     | Reached skill level 5 in Spellcasting
 15142 | D:11     | Found Attue's Antique Weapon Shoppe.
 15143 | D:11     | Found Nohiuxt's General Store.
 15209 | D:11     | Found Jievom's Book Emporium.
 15269 | D:11     | Found Qoguseikke's Distillery.
 15333 | D:11     | Found a flickering gateway to a bazaar.
 15335 | D:11     | Reached *** piety under Nemelex Xobeh
 15350 | Bazaar   | Entered a bazaar
 15383 | Bazaar   | Found Noveiny's Weapon Emporium.
 15383 | Bazaar   | Found Rorac's Weapon Shoppe.
 15418 | Bazaar   | Found Lexzegim's Book Emporium.
 15669 | D:11     | Noticed a manticore
 15967 | D:11     | Killed a manticore
 16153 | D:11     | Noticed a boulder beetle
 16213 | D:11     | Killed a boulder beetle
 16260 | D:11     | Noticed a two-headed ogre
 16275 | D:11     | Killed a two-headed ogre
 16617 | D:11     | Noticed a skeletal warrior
 16617 | D:11     | Noticed a skeletal warrior
 16682 | Lair:1   | Entered Level 1 of the Lair of Beasts
 16682 | Lair:1   | Received a gift from Nemelex Xobeh
 16689 | Lair:1   | Reached skill level 5 in Armour
 16689 | Lair:1   | Reached skill level 11 in Fire Magic
 16706 | Lair:1   | Noticed a skyshark
 16726 | D:10     | Reached XP level 12. HP: 74/100 MP: 0/20
 16873 | Lair:1   | Killed a skyshark
 16975 | Lair:1   | Found a dark tunnel.
 16988 | Lair:1   | Learned a level 1 spell: Freeze
 17016 | Volcano  | Entered a volcano
 17036 | Volcano  | Noticed an ogre mage
 17051 | Volcano  | Killed an ogre mage
 17054 | Volcano  | Found a radiant altar of Vehumet.
 17095 | Volcano  | Noticed a two-headed ogre
 17109 | Volcano  | Killed a two-headed ogre
 17147 | Volcano  | Noticed a hell knight
 17147 | Volcano  | Noticed a two-headed ogre
 17164 | Volcano  | Killed a two-headed ogre
 17165 | Volcano  | Reached skill level 1 in Ice Magic
 17221 | Volcano  | Noticed a two-headed ogre
 17238 | Volcano  | Killed a two-headed ogre
 17239 | Volcano  | Reached skill level 5 in Shields
 17354 | Volcano  | Noticed a two-headed ogre
 17366 | Volcano  | Killed a two-headed ogre
 17413 | Volcano  | Noticed a two-headed ogre
 17413 | Volcano  | Noticed a two-headed ogre
 17428 | Volcano  | Killed a two-headed ogre
 17468 | Volcano  | Killed a two-headed ogre
 17534 | Volcano  | Killed a hell knight
 17907 | Lair:1   | Reached skill level 12 in Fire Magic
 18042 | Lair:1   | Reached **** piety under Nemelex Xobeh
 19428 | Lair:1   | Reached XP level 13. HP: 78/105 MP: 7/22
 19665 | Lair:2   | Received a gift from Nemelex Xobeh
 21016 | Lair:2   | Received a gift from Nemelex Xobeh
 21329 | Lair:3   | Noticed Amaemon
 21342 | Lair:3   | Killed Amaemon
 21614 | Lair:3   | Found a hole to the Spider Nest.
 22162 | Lair:3   | Found a runed translucent gate.
 22162 | Lair:3   | Found a runed translucent gate.
 22162 | Lair:3   | Found a runed translucent gate.
 22192 | Lair:3   | Reached skill level 13 in Fire Magic
 22358 | Lair:3   | Received a gift from Nemelex Xobeh
 22359 | Lair:3   | Noticed wally255's ghost (journeyman MiFi)
 22588 | D:11     | Bought a book of Flames for 392 gold pieces
 22593 | D:11     | Learned a level 4 spell: Sticky Flame
 22641 | D:11     | Reached ***** piety under Nemelex Xobeh
 23084 | Lair:3   | Found a staircase to the Swamp.
 23285 | Lair:3   | Received a gift from Nemelex Xobeh
 23620 | Lair:4   | Found a transporter.
 23658 | Lair:4   | Noticed Godezusi's ghost (journeyman DsFi)
 23720 | Lair:4   | Reached skill level 10 in Invocations
 23756 | Lair:4   | Identified the +5 mace of Ecwig {venom, rCorr Str-2 Dex+5
                  | Stlth+}
 23765 | Lair:4   | Reached XP level 14. HP: 69/116 MP: 9/24
 23986 | Lair:4   | Received a gift from Nemelex Xobeh
 24405 | Lair:4   | Found a transporter.
 24606 | Lair:5   | Entered Level 5 of the Lair of Beasts
 25143 | Lair:4   | Reached skill level 1 in Staves
 25354 | Lair:5   | Reached skill level 14 in Fire Magic
 26242 | Lair:5   | Found a viscous altar of Jiyva.
 26251 | Lair:5   | Found a staircase to the Slime Pits.
 26404 | Lair:5   | Received a gift from Nemelex Xobeh
 27526 | Lair:5   | Reached skill level 10 in Axes
 28220 | D:12     | Noticed Frances
 28852 | D:12     | Killed Frances
 28916 | D:12     | Reached skill level 10 in Fighting
 29319 | D:12     | Reached skill level 15 in Fire Magic
 29556 | D:12     | Found a staircase to the Orcish Mines.
 29665 | D:12     | Received a gift from Nemelex Xobeh
 29937 | D:12     | Noticed Urug
 29946 | D:12     | Killed Urug
 29953 | D:12     | Reached XP level 15. HP: 126/126 MP: 4/25
 30369 | D:12     | Received a gift from Nemelex Xobeh
 30826 | Orc:1    | Entered Level 1 of the Orcish Mines
 32614 | Orc:1    | Found Zesiag's Antique Weapon Boutique.
 33013 | Orc:1    | Found a roughly hewn altar of Beogh.
 33128 | Orc:1    | Bought a glowing war axe for 123 gold pieces
 33132 | Orc:1    | Bought a polished whip for 142 gold pieces
 33132 | Orc:1    | Identified the +7 whip of Jezovova {antimagic, rPois Str+4}
                  | (You bought it in a shop on level 1 of the Orcish Mines)
 33148 | Orc:2    | Entered Level 2 of the Orcish Mines
 33148 | Orc:2    | Found a staircase to the Elven Halls.
 33198 | Orc:2    | Received a gift from Nemelex Xobeh
 33401 | Orc:2    | Found Ceseplua's Magic Scroll Shop.
 33407 | Orc:2    | Bought a scroll of summoning for 152 gold pieces
 34057 | Orc:2    | Reached skill level 10 in Conjurations
 34864 | Orc:2    | Found Jioxamot's CLEARANCE SALE!.
 34872 | Orc:2    | Bought a potion of curing for 9 gold pieces
 35096 | Orc:2    | Found Jystac's Antique Armour Boutique.
 35096 | Orc:2    | Found Batsitae's Jewellery Shoppe.
 35098 | Orc:2    | Found Helo's General Store.
 35100 | Orc:2    | Found Qehivos's Distillery.
 35114 | Orc:2    | Bought a brightly glowing leather armour for 231 gold
                  | pieces
 35114 | Orc:2    | Identified the +1 leather armour of Apathy {rF+ Regen+
                  | Str+4} (You bought it in a shop on level 2 of the Orcish
                  | Mines)
 35130 | Orc:2    | Bought a shimmering orb for 462 gold pieces
 35130 | Orc:2    | Identified the orb of the Stonemason {guile, +Blink rElec
                  | Slay+5} (You bought it in a shop on level 2 of the Orcish
                  | Mines)
 35428 | D:7      | Noticed Menkaure
 35431 | D:7      | Killed Menkaure
 35734 | D:8      | Received a gift from Nemelex Xobeh
 35738 | D:8      | Found a runed translucent gate.
 35739 | D:8      | Found a runed translucent gate.
 35740 | D:8      | Found a runed translucent gate.
 35740 | D:8      | Found a runed translucent gate.
 35740 | D:8      | Found a runed translucent gate.
 35740 | D:8      | Identified the +7 whip of War {pain, rN+ Will+ Str+2
                  | Stlth-}
 35745 | D:8      | Found a runed translucent gate.
 36031 | D:13     | Noticed Sonja
 36035 | D:13     | Killed Sonja
 36500 | D:13     | Reached skill level 16 in Fire Magic
 37322 | D:13     | Reached ****** piety under Nemelex Xobeh
 37367 | D:13     | Got the Folio of the Wary Songs
 37686 | D:14     | Received a gift from Nemelex Xobeh
 37924 | D:14     | Received a gift from Nemelex Xobeh
 38273 | D:14     | Found a gate to the Vaults.
 38366 | D:14     | You fall into a shaft and drop 1 floor!
 38366 | D:15     | Entered Level 15 of the Dungeon
 38392 | D:15     | Paralysed by something for 3 turns
 38400 | D:15     | Reached XP level 16. HP: 83/137 MP: 9/26
 38424 | D:15     | Found Cagro's Antique Armour Boutique.
 38432 | D:15     | Bought a transparent helmet for 370 gold pieces
 38432 | D:15     | Identified the +1 helmet "Jipnonk" {rElec Dex+3} (You
                  | bought it in a shop on level 15 of the Dungeon)
 38470 | D:15     | Found a frozen archway.
 38478 | IceCv    | Entered an ice cave
 38950 | IceCv    | Reached skill level 10 in Armour
 39045 | IceCv    | Received a gift from Nemelex Xobeh
 39303 | IceCv    | Reached skill level 17 in Fire Magic
 39673 | IceCv    | Found the +8 frozen axe "Frostbite" {freeze, freezing
                  | cloud, *Noise Fly rC+}
 39684 | IceCv    | Got Jisog's Secrets of Algor
 39685 | IceCv    | Identified the +6 mace of Exoneration {chaos, rElec rN+
                  | Str-3 Dex+5}
 39689 | IceCv    | Identified the +7 trident of the Riding Gods {drain, rElec
                  | rCorr Str+6 Dex-2}
 39810 | IceCv    | Got the Exposition on the Bright Mesa
 40040 | D:15     | Found a staircase to the Depths.
 40411 | D:14     | Found a hide-covered altar of Uskayaw.
 40767 | D:15     | Paralysed by an orc sorcerer for 3 turns
 40926 | D:15     | Paralysed by an ogre mage for 4 turns
 41252 | D:15     | Received a gift from Nemelex Xobeh
 41670 | D:15     | Noticed Josephine
 41848 | D:15     | Killed Josephine
 41857 | D:14     | Reached skill level 18 in Fire Magic
 41951 | D:15     | Found a glowing silver altar of Zin.
 42182 | Spider:1 | Entered Level 1 of the Spider Nest
 42368 | Spider:1 | Received a gift from Nemelex Xobeh
 42402 | Spider:1 | Found a runed translucent gate.
 42402 | Spider:1 | Found a runed translucent gate.
 42402 | Spider:1 | Found a runed translucent gate.
 42462 | Spider:1 | Noticed Zonian's ghost (adept DEIE)
 42564 | Spider:1 | Reached XP level 17. HP: 53/146 MP: 0/27
 43441 | Spider:1 | You fall into a shaft and drop 1 floor!
 44133 | Spider:1 | Learned a level 3 spell: Inner Flame
 44274 | Spider:1 | Received a gift from Nemelex Xobeh
 45194 | Spider:2 | Reached skill level 5 in Dodging
 45458 | Spider:2 | Reached skill level 1 in Hexes
 45902 | Orc:2    | Bought a potion of curing for 33 gold pieces
 45907 | Orc:2    | Bought a potion of curing for 42 gold pieces
 45907 | Orc:2    | Bought a potion of curing for 42 gold pieces
 46124 | Spider:2 | Gained mutation: You sometimes lose your temper in combat.
                  | [mutagenic glow]
 46293 | Spider:3 | Noticed Arachne
 46417 | Spider:2 | Lost mutation: You sometimes lose your temper in combat.
                  | [potion of mutation]
 46417 | Spider:2 | Gained mutation: You have a pair of small horns on your
                  | head. [potion of mutation]
 46417 | Spider:2 | Gained mutation: Your spells are a little harder to cast,
                  | but a little more powerful. [potion of mutation]
 46418 | Spider:2 | Lost mutation: Your spells are a little harder to cast, but
                  | a little more powerful. [potion of mutation]
 46418 | Spider:2 | Lost mutation: You have a pair of small horns on your head.
                  | [potion of mutation]
 46418 | Spider:2 | Gained mutation: Your body sometimes deteriorates upon
                  | taking damage. [potion of mutation]
 46418 | Spider:2 | Gained mutation: You are strong-willed. (Will+) [potion of
                  | mutation]
 46669 | Spider:2 | Killed Arachne
 47349 | Spider:3 | Reached skill level 19 in Fire Magic
 48408 | Spider:3 | Paralysed by a hornet for 3 turns
 48413 | Spider:3 | Paralysed by a hornet for 2 turns
 48741 | Spider:4 | Entered Level 4 of the Spider Nest
 48764 | Spider:4 | Reached XP level 18. HP: 154/157 MP: 24/29
 48995 | Spider:2 | HP: 7/157 [poisoned by a redback]
 49210 | Spider:3 | Reached skill level 15 in Invocations
 49286 | Spider:4 | Identified the -2 quarterstaff of the Hidden Vale {speed,
                  | rPois Int+6 Dex+3}
 50293 | Spider:4 | Reached skill level 15 in Axes
 50297 | Spider:4 | Reached skill level 20 in Fire Magic
 50588 | Spider:3 | Mangled by a pharaoh ant

Illustrated notes

Levels and vault maps discovered:
D:1:      wander_arrival_chamber, layout_basic, eino_curves_03
D:2:      layout_loops_ring, uniq_terence, uniq_natasha
D:3:      layout_loops_ring, uniq_grinder, uniq_jessica
D:4:      layout_basic, minmay_temple_entry_water_ring,
          minmay_goblin_kobold_house
D:5:      layout_loops_ring, ashenzari_altar_1, serial_bayou_ford_a
D:6:      layout_loops_corners, glass_columns_a
D:7:      minmay_chambers_of_fours, layout_basic, minitemple, uniq_menkaure,
          uniq_pikel
D:8:      gammafunk_indiana_jones, layout_cave_pools,
          nicolae_gozag_seed_capital,
          ploomutoo_gammafunk_ghost_potion_laboratory
D:9:      layout_loops_corners, kennysheep_little_box, reono_crystal_passage,
          uniq_prince_ribbit1
D:10:     layout_roguey, minmay_lair_entry_grove
D:11:     layout_irregular_city, serial_shops, bzr_entry_gold,
          nicolae_shop_tiny_real_fake_doors, nicolae_shop_crystal, shop,
          nicolae_stop_n_shop_2, minmay_misc_feat_more_columns,
          minmay_fractal_squares_5
D:12:     layout_stronghold, erik_orc_3, uniq_frances, uniq_urug
D:13:     layout_loops_ring, uniq_sonja
D:14:     layout_basic, hellmonk_vaults_keyhole, minmay_misc_feat_enclosed,
          eat_drink_and_be_merry_uskayaw
D:15:     grunt_enter_depths_hoard, layout_rooms, serial_shops, shop,
          portal_ice_cave_entry_pillars_1, serial_park_avenue1, zin_academy,
          uniq_josephine
Temple:   nicolae_temple_superstar
Lair:1:   layout_misc_corridors, lightli_volcano_entry_magma_tube, special_room
          [special_room_bee], grunt_megastairs_5
Lair:2:   layout_chaotic_city, grunt_megastairs_1
Lair:3:   layout_hall_layers, mainiacjoe_swamp_entry_lozenge_pond,
          hellmonk_spider_entry_life_and_decay, gammafunk_ghost_hydra_chop,
          uniq_amaemon
Lair:4:   layout_regular_city, gammafunk_ghost_arena, gauntlet_entry_generic,
          grunt_megastairs_2
Lair:5:   grunt_lair_end_beastmaster, layout_cave_pods, slime_entry_1,
          grunt_megastairs_3, infiniplex_staircase_pool_2, serial_bayou_shore_b
Spider:1: layout_spider_delve, gammafunk_ghost_split
Spider:2: layout_spider_delve, drop_trap, hangedman_spider_mandibles
Spider:3: spiders_nest_scorpion_pit, drop_trap, nicolae_spider_nook,
          uniq_arachne
Spider:4: hellmonk_spider_rune_bug_friends
Orc:1:    layout_caves, basic_altar, guppyfry_orc_lava_fort
Orc:2:    st_orc_rangers, layout_caves, serial_shops, nicolae_shop_rolled_up,
          nicolae_shop_clearance

Skill      XL: |  1  2  3  4  5  6  7  8  9 10 11 12 13 14 15 16 17 18 |
---------------+-------------------------------------------------------+-----
Axes           | 1 2 3 4 5 6 7 8 10 11 13 14 15 | 15.0
Fighting       | 1 2 3 4 6 7 8 10 11 12 13 | 13.0
Fire Magic     | 4 5 6 8 9 11 12 13 15 16 18 19 20 | 20.0
Armour         | 1 2 3 5 6 7 8 9 10 | 10.0
Dodging        | 2 3 4 5 |  5.0
Spellcasting   | 2 3 4 5 6 7 |  7.6
Conjurations   | 2 3 4 5 6 7 8 9 10 | 10.0
Invocations    | 1 3 5 6 7 8 10 12 13 14 15 | 15.0
Evocations     | 1 2 3 4 |  4.0
Throwing       | 1 |  1.0
Translocations | 1 2 |  2.0
Shields        | 2 4 5 6 |  6.0
Ice Magic      | 2 4 |  4.0
Staves         | 1 3 |  3.0
Hexes          | 2 |  2.0
Stealth        | |  1.5

Action                     |  1- 3 |  4- 6 |  7- 9 | 10-12 | 13-15 | 16-18 || total
---------------------------+-------+-------+-------+-------+-------+-------++-------
  Melee: Hand axe          |    52 |    35 |    19 |    91 |    82 |       ||   279
         Punch             |       |       |     1 |     2 |       |       ||     3
         Staff             |       |       |       |    24 |    33 |    44 ||   101
         Mace              |       |       |       |       |    67 |    18 ||    85
         War axe           |       |       |       |       |    50 |   216 ||   266
         Executioner's axe |       |       |       |       |       |    79 ||    79
  Throw: Dart              |       |       |     3 |    23 |     3 |    12 ||    41
         Throwing net      |       |       |       |     1 |       |     1 ||     2
         Boomerang         |       |       |       |     8 |     1 |       ||     9
   Cast: Foxfire           |    45 |    84 |    85 |   198 |   586 |   312 ||  1310
         Scorch            |     1 |    29 |    76 |   322 |   384 |   251 ||  1063
         Volatile Blastmot |       |       |       |     5 |    69 |    22 ||    96
         Flame Wave        |       |       |       |     2 |    19 |    24 ||    45
         Sticky Flame      |       |       |       |       |   158 |   212 ||   370
         Freeze            |       |       |       |       |    33 |    10 ||    43
         Inner Flame       |       |       |       |       |       |     2 ||     2
 Invoke: Draw Destruction  |       |       |       |    11 |     5 |    13 ||    29
         Draw Stack        |       |       |       |       |     3 |     1 ||     4
         Stack Five        |       |       |       |       |     1 |       ||     1
         Draw Summoning    |       |       |       |       |     5 |    15 ||    20
         Draw Escape       |       |       |       |       |       |     2 ||     2
  Evoke: Wand              |       |       |       |     1 |       |    14 ||    15
         Phantom mirror    |       |       |       |       |       |     1 ||     1
    Use: Scroll            |       |     3 |     7 |    10 |    10 |    16 ||    46
         Potion            |       |     1 |     4 |     1 |     1 |    16 ||    23
   Stab: Sleeping          |     2 |       |       |       |       |       ||     2
         Distracted        |       |       |       |       |       |     1 ||     1
 Armour: Robe              |    22 |    32 |       |       |       |       ||    54
         Leather armour    |       |    17 |    77 |     1 |   202 |   954 ||  1251
         Skin              |       |       |     3 |       |       |       ||     3
         Acid dragon scale |       |       |       |   301 |   476 |       ||   777
         Ring mail         |       |       |       |       |       |   112 ||   112
  Dodge: Dodged            |    30 |    29 |    57 |   192 |   419 |   586 ||  1313
  Block: Buckler           |       |       |       |    30 |   186 |   170 ||   386

Table legend: (Time is in decaauts)
 A = Elapsed time spent in this place.
 B = Non-inter-level travel time spent in this place.
 C = Inter-level travel time spent in this place.
 D = Time resting spent in this place.
 E = Time spent auto-exploring this place.
 F = Levels seen in this place.
 G = Mean time per level.
                   A        B        C        D        E       F      G
               +--------+--------+--------+--------+--------+-----+--------+
         Total |  50842 |  47407 |   3435 |  15291 |  21629 |  30 | 1694.7 |
       Dungeon |  26370 |  24221 |   2149 |   6223 |  13380 |  15 | 1758.0 |
        Temple |     41 |      2 |     39 |      0 |      0 |   1 |   41.0 |
          Lair |  10782 |  10030 |    752 |   3446 |   4545 |   5 | 2156.4 |
   Spider Nest |   8007 |   7688 |    319 |   3551 |   1924 |   4 | 2001.8 |
  Orcish Mines |   3418 |   3242 |    176 |   1110 |   1393 |   2 | 1709.0 |
        Bazaar |    236 |    236 |      0 |      0 |     85 |   1 |  236.0 |
      Ice Cave |   1358 |   1358 |      0 |    684 |    239 |   1 | 1358.0 |
       Volcano |    627 |    627 |      0 |    276 |     62 |   1 |  627.0 |
               +--------+--------+--------+--------+--------+-----+--------+

Top non-repeatable levels by time:
    D:12: 3437 daAuts
  Lair:5: 3076 daAuts
     D:2: 2729 daAuts
Spider:3: 2652 daAuts
  Lair:1: 2461 daAuts
Spider:2: 2396 daAuts
   Orc:2: 2130 daAuts
  Lair:3: 2108 daAuts
     D:4: 2088 daAuts
    D:10: 2063 daAuts
    D:11: 1898 daAuts
     D:9: 1740 daAuts
    D:14: 1714 daAuts
  Lair:2: 1666 daAuts
Spider:1: 1576 daAuts
